 Dungeon Crawl Stone Soup version 0.02-189-gbfa5a80 (webtiles) character file.

Game seed: 17631810816494162216, levelgen mode: deterministic

2 Kalegnar the Magician (level 1, 0/14 HPs) Mummified Draconian. Began on Oct 24, 2020. Slain by a cinder newt (4 damage) ... on level 1 of the Dungeon. The game lasted 00:00:53 (70 turns).

Kalegnar the Magician (Draconian Mummy)               Turns: 70, Time: 00:00:54

Health: 0/14       AC:  5    Str: 12    XL:     1 ^: 9
Magic:  4/4        EV: 12    Int: 15    God:
Gold:   27         SH:  0    Dex: 10    Spells: 4/5 levels left

rFire    x . .     Vision   .     - Unarmed
rCold    + . .     Gourm    .     - Unarmed
rNeg     + + +     Faith    .   (armour unavailable)
rPois    ∞         Spirit   .   (helmet restricted)
rElec    .         Reflect  .   (no cloak)
rCorr    .         Harm     .   (no gloves)
MR       .....                  (no boots)
Stlth    ++........             (no amulet)
HPRegen  0.14/turn              (no ring)
MPRegen  0.14/turn              (no ring)

@: no status effects
A: no body armour, unfitting armour, cold resistance 1, negative energy
resistance 3, torment resistance, unbreathing, heat vulnerability 1, in touch
with death 1, AC +5
a: Breathe Dart


You were on level 1 of the Dungeon.
You were not hungry.

You visited 1 branch of the dungeon, and saw 1 of its levels.

You collected 27 gold pieces.

Inventory:

Potions
 a - a potion of berserk rage
 b - a potion of agility


   Skills:
 + Level 0.2 Fighting
 - Level 2.4 Dodging
 - Level 1.3 Stealth
 - Level 1.7 Unarmed Combat
 + Level 2.8 Spellcasting
 + Level 2.4 Necromancy


You had 4 spell levels left.
You knew the following spells:

 Your Spells              Type           Power        Failure   Level  Hunger
a - Pain                  Hex/Necr       8 (25)       12%         1    N/A

Your spell library contained the following spells:

 Spells                   Type           Power        Failure   Level  Hunger
 Vampiric Draining        Necr           14 (200)     22%         3    N/A
 Pryten's Skeletal Upris  Chrm/Necr      8 (200)      36%         3    N/A
 Animate Dead             Necr           N/A          58%         4    N/A
 Regeneration             Chrm/Necr      Unusable     N/A         3    N/A

Dungeon Overview and Level Annotations

Branches:
Dungeon (1/8)

Altars:


Innate Abilities, Weirdness & Mutations

You cannot fit into any form of body armour.
Your plain brown scales are hard. (AC +5)
Your connection to dragons allows you to use the spell dragon form, despite your undead form not otherwise being capable of transmutation.
You can breathe rudimentary magical darts.
You are immune to poison.
You are cold resistant. (rC+)
You are immune to negative energy. (rN+++)
You are immune to unholy pain and torment.
You can survive without breathing.
You are vulnerable to heat. (rF-)
You are in touch with the powers of death.


Message History

Aiming: Pain (safe; 12% risk of failure)
Press: ? - help, Shift-Dir - straight line, f/p - cinder newt
Aim: a cinder newt (moderately wounded (7/10), chance to defeat MR: 73%)
You feel a surge of power!
You miscast Pain.
You are very lightly contaminated with residual magic.
Nothing appears to happen.
The cinder newt bites you (0). The cinder newt burns you!
The fire burns you terribly!
* * * LOW HITPOINT WARNING * * *
The cinder newt exhales a small puff of smoke.
A rat comes into view.
The rat closely misses you (0).
There is an open door here.
There is a staircase leading out of the dungeon here.
Your magical contamination has completely faded away.
The cinder newt bites you (1). The cinder newt burns you!
* * * LOW HITPOINT WARNING * * *
The rat bites you but does no damage. The cinder newt bites you (0).
The cinder newt burns you! The fire burns you terribly!
You die...

#.#..........#...#
..
###.##########.#
.#####'##### #..#
#.........# #.##
#.........# #.
#..⌠...⌠..# #.
#.........# ..
+....<....+ #.
#.@r......# ##
#..l...⌠..#
#.........#
#.........#
#####+#####


You could see a cinder newt and a rat.

Vanquished Creatures
  A hobgoblin (D:1)
  A kobold (D:1)
2 creatures vanquished.

Notes
Turn   | Place    | Note
-------+----------+-------------------------------------------
     0 | D:1      | Kalegnar the Draconian Mummy began the quest for the Orb.
     0 | D:1      | Reached XP level 1. HP: 14/14 MP: 4/4
    70 | D:1      | Slain by a cinder newt

Levels and vault maps discovered:
D:1:      mushboom_english_gardens, layout_basic, minmay_misc_feat_five,
          moated_statue

Action                   || total
-------------------------++-------
Melee: Unarmed           ||    17
       Tailslap          ||     1
 Cast: Pain              ||     3
Armor: Skin              ||     4
Dodge: Dodged            ||     4
